 Dungeon Crawl Stone Soup version 0.29.1-14-g9c671dbff4 (webtiles) character file.

Game seed: 3107788723976157770

30 adizb the Trooper (level 3, -3/31 HPs)
             Began as a Palentonga Fighter on Feb 12, 2023.
             Was an Initiate of Yredelemnul.
             Killed from afar by Jessica (9 damage)
             ... with a bolt of dispelling energy
             ... on level 2 of the Dungeon.
             The game lasted 00:05:05 (633 turns).

adizb the Trooper (Palentonga Fighter)               Turns: 633, Time: 00:05:08

Health: -3/31      AC:  7    Str: 23    XL:     3   Next: 3%
Magic:  3/3        EV:  7    Int:  4    God:    Yredelemnul [......]
Gold:   38         SH:  4    Dex:  9    Spells: 2/2 levels left

rFire   . . .      SeeInvis +   a - +0 war axe
rCold   . . .      Faith    .   c - +0 buckler
rNeg    . . .      Spirit   .   b - +0 scale mail
rPois   .          Reflect  .   (no helmet)
rElec   .          Harm     .   j - +0 cloak of the Pink Corner {Will++ Int-4}
rCorr   .          Rampage  .   (no gloves)
Will    ++...                   (no barding)
Stlth   ..........              (no amulet)
HPRegen 0.10/turn               (no ring)
MPRegen 0.08/turn               (no ring)

@: no status effects
A: large, rugged brown scales 3, see invisible, deformed body, roll 1, armoured
tail
a: Rolling Charge, Renounce Religion, Recall Undead Harvest


You were on level 2 of the Dungeon.
You worshipped Yredelemnul.
Yredelemnul was noncommittal.
You visited 1 branch of the dungeon, and saw 2 of its levels.

You collected 38 gold pieces.

Inventory:

Hand Weapons
 a - a +0 war axe (weapon)
Armour
 b - a +0 scale mail (worn)
 c - a +0 buckler (worn)
 j - the +0 cloak of the Pink Corner (worn) {Will++ Int-4}
   (You found it on level 2 of the Dungeon)

   Int:       It affects your intelligence (-4).
   Will:      It greatly increases your willpower.
Scrolls
 e - a scroll of teleportation {unknown}
 f - a scroll of amnesia {unknown}
 g - a scroll of enchant weapon {unknown}
Potions
 d - a potion of might
 h - a potion of berserk rage {unknown}
 i - 2 potions of cancellation {unknown}


   Skills:
 + Level 3.4 Fighting
 * Level 3.1 Axes
 - Level 2.4 Armour
 - Level 2.6 Shields


You had 2 spell levels left.
You didn't know any spells.
Your spell library was empty.

Dungeon Overview and Level Annotations

Branches:
Dungeon (2/15)

Altars:
Yredelemnul

Shops:
D:1 :

Annotations:
D:2 Jessica


Innate Abilities, Weirdness & Mutations

You are completely covered in rugged brown scales. (AC +3, +7% HP)
You have supernaturally acute eyesight. (SInv)
Armour fits poorly on your strangely shaped body.
You can roll at nearby foes to attack.
You have a long armoured tail.


Message History

Roll where?
Press: ? - help, Q - select action, (/) - cycle Dir - move target, f - Jessica
Aim: Jessica, wielding a +0 club, wearing a +0 robe and carrying a wand of quicksilver (7) (ally target)
You roll forward with a clatter of scales!
You closely miss Jessica.
Jessica shouts, "Stop bothering me, or I'll kill you!"
Jessica hits you with a +0 club.
You barely miss Jessica.
Jessica mumbles some strange words.
Jessica seems to speed up.
Jessica hits you but does no damage.
You barely miss Jessica. You closely miss the kobold.
Jessica gestures wildly while chanting.
Jessica blinks!
The kobold closely misses you.
You barely miss the kobold. The kobold closely misses you.
You closely miss the kobold. The kobold closely misses you.
Your endoplasm zombie closely misses the kobold.
The kobold hits you but does no damage.
You hit the kobold but do no damage. The kobold hits you but does no damage.
Your endoplasm zombie barely misses the kobold.
Jessica hits you but does no damage.
You closely miss the kobold. You hit Jessica but do no damage.
Jessica shouts, "You are a ghastly nuisance!"
Jessica gestures wildly while chanting.
Jessica blinks!
The kobold hits you but does no damage. x2
You barely miss the kobold.
Jessica zaps a wand.
The bolt of dispelling energy hits you! The kobold hits you with a +0 club.
* * * LOW HITPOINT WARNING * * *
You hit the kobold.
Your tail-slap misses the kobold.
The kobold is moderately wounded.
You hit Jessica but do no damage. You block Jessica's attack.
Your endoplasm zombie hits Jessica.
The kobold hits you but does no damage. Jessica barely misses you.
You slash the kobold!
You kill the kobold!
You barely miss Jessica. Jessica hits you with a +0 club.
* * * LOW HITPOINT WARNING * * *
Your endoplasm zombie hits Jessica.
Jessica zaps a wand.
The bolt of dispelling energy hits you!
You die...
Your body rises from the dead as a mindless zombie.

.$..# ### ....+ ...
....############.#
..............#..#
....)...........########
............!..........#
.........).......Z...#
.................@...#
'###..........#.@....#
.###..........#.).$..#
...#..........#......#
##............#......#
###...#'######......#
###>#.# #......# ###.#
#......# #.# #......#
#.#


You could see Jessica (fast, ally target) and a friendly endoplasm zombie.

Vanquished Creatures
  A ball python (D:1)
  7 endoplasms
  A goblin (D:2)
  2 hobgoblins (D:1)
  A quokka (D:2)
  5 bats (D:1)
  2 frilled lizards
  4 kobolds
  A rat (D:2)
24 creatures vanquished.

Vanquished Creatures (collateral kills)
  A bat (D:1)
  A goblin (D:1)
2 creatures vanquished.

Vanquished Creatures (others)
  A bat zombie (D:1)
  A withered plant (D:1)
2 creatures vanquished.

Grand Total: 28 creatures vanquished

Notes
Turn   | Place    | Note
-------+----------+-------------------------------------------
     0 | D:1      | adizb the Palentonga Fighter began the quest for the Orb.
     0 | D:1      | Reached XP level 1. HP: 19/19 MP: 1/1
    57 | D:1      | Found a faded altar of an unknown god.
    84 | D:1      | Prayed at the altar of an unknown god.
    84 | D:1      | Became a worshipper of Yredelemnul the Dark
    84 | D:1      | Reached * piety under Yredelemnul
   105 | D:1      | Reached XP level 2. HP: 18/25 MP: 2/2
   381 | D:1      | Found Xisa's Book Boutique.
   591 | D:2      | Reached XP level 3. HP: 28/31 MP: 3/3
   594 | D:2      | Identified the +0 cloak of the Pink Corner {Will++ Int-4}
   622 | D:2      | Noticed Jessica
   633 | D:2      | Killed from afar by Jessica

Illustrated notes

Levels and vault maps discovered:
D:1:      ncdulo_halloftheorcs, layout_basic,
          ebering_ecumenical_altar_petrified, serial_shops,
          nicolae_shop_behind_doors
D:2:      layout_basic, uniq_robin, uniq_jessica

Skill      XL: |  1  2 |
---------------+-------+-----
Axes           | 3 |  3.1
Fighting       | |  3.4
Armour         | |  2.4
Shields        | |  2.6

Action                   || total
-------------------------++-------
Melee: War axe           ||    63
       Tailslap          ||     3
 Abil: Rolling Charge    ||    14
Armor: Scale mail        ||    49
Dodge: Dodged            ||    25
Block: Buckler           ||    13
